 Dungeon Crawl Stone Soup version 0.22-a0-247-gbddf880 (webtiles) character file.

44 Amnesiac the Digger (level 3, 0/19 HPs)
             Began as a Deep Elf Earth Elementalist on Feb 25, 2018.
             Slain by a rat (3 damage)
             ... on level 2 of the Dungeon.
             The game lasted 00:02:17 (657 turns).

Amnesiac the Digger (Deep Elf Earth Elementalist)    Turns: 657, Time: 00:02:17

Health: 0/19       AC:  2    Str:  5    XL:     3   Next: 41%
Magic:  10/10      EV: 13    Int: 22    God:
Gold:   57         SH:  0    Dex: 15    Spells: 6/9 levels left

rFire    . . .     SeeInvis .   n - +0 dagger
rCold    . . .     Gourm    .   (no shield)
rNeg     . . .     Faith    .   c - +0 robe
rPois    .         Spirit   .   (no helmet)
rElec    .         Reflect  .   (no cloak)
rCorr    .         Harm     .   (no gloves)
MR       .....                  (no boots)
Stlth    ++........             (no amulet)
HPRegen  0.06/turn              a - +2 ring of intelligence
MPRegen  0.12/turn              (no ring)

@: no status effects
A: no striking features
a: no special abilities


You were on level 2 of the Dungeon.
You were not hungry.

You visited 1 branch of the dungeon, and saw 2 of its levels.

You collected 57 gold pieces.

Inventory:

Hand Weapons
 n - a +0 dagger (weapon)
Missiles
 b - 6 stones (quivered)
Armour
 c - a +0 robe (worn)
 m - a +0 cloak
Jewellery
 a - a +2 ring of intelligence (left hand)
 e - a cursed ring of loudness {unknown}
Scrolls
 g - a scroll of remove curse {!r, unknown}
 h - 2 scrolls of identify {!r, unknown}
 i - a scroll of amnesia {!r, unknown}
 k - a scroll of enchant weapon {!r, unknown}
Potions
 j - a potion of flight {!q, unknown}
 l - a potion of degeneration {!q, unknown}
Comestibles
 d - 2 rations
 f - a chunk of flesh


   Skills:
 - Level 2.4 Dodging
 - Level 2.4 Stealth
 + Level 3.9 Spellcasting
 - Level 1.1 Transmutations
 * Level 4.5 Earth Magic


You had 6 spell levels left.
You knew the following spells:

 Your Spells              Type           Power        Failure   Level  Hunger
a - Sandblast             Erth           ###...       1%          1    None
b - Passwall              Tmut/Erth      ###.......   5%          2    #......


Dungeon Overview and Level Annotations

Branches:
Dungeon (2/15)

Altars:


Message History

You closely miss the rat.
The rat is severely wounded.
The rat closely misses you.
You hit the rat.
You kill the rat!
Casting: Sandblast (safe; 1% risk of failure)
Confirm with . or Enter, or press ? or * to list all spells.
Aiming: Sandblast (safe; 1% risk of failure)
Press: ? - help, Shift-Dir - straight line, f - worm
Aim: a worm The blast of sand hits the worm.
The worm is severely wounded.
b - 7 stones Unknown command.
Casting: Sandblast (safe; 1% risk of failure)
Confirm with . or Enter, or press ? or * to list all spells.
Aiming: Sandblast (safe; 1% risk of failure)
Press: ? - help, Shift-Dir - straight line, f/p - worm
Aim: a worm (severely wounded)
The blast of sand hits the worm.
You kill the worm!
b - 6 stones Unknown command.
Items here: ) †††† a dagger; a worm corpse; a rat corpse; a goblin corpse; a bat corpse
n - a dagger Wield which item (- for none, * to show all)? (? for menu, Esc to quit)
n - a +0 dagger (weapon)
You start resting.
A rat comes into view.
Items here: †††† a worm corpse; a rat corpse; a goblin corpse; a bat corpse You butcher the worm corpse.
Items here: % ††† a chunk of flesh; a rat corpse; a goblin corpse; a bat corpse You butcher the rat corpse.
Items here: %% †† a chunk of flesh x2; a goblin corpse; a bat corpse You butcher the goblin corpse.
Items here: %%% † a chunk of flesh x2; 3 chunks of flesh; a bat corpse You butcher the bat corpse.
Items here: %%%% ÷ a chunk of flesh x2; 3 chunks of flesh; a chunk of flesh; a bat skeleton There isn't anything to butcher here.
There isn't anything to butcher here.
There isn't anything to butcher here.
There isn't anything to butcher here.
There isn't anything to butcher here.
There isn't anything to butcher here.
There isn't anything to butcher here.
There isn't anything to butcher here.
There isn't anything to butcher here.
There isn't anything to butcher here.
You swing at nothing.
You closely miss the rat. The rat bites you.
* * * LOW HITPOINT WARNING * * *
You hit the rat but do no damage. The rat misses you.
You barely miss the rat. The rat closely misses you.
You closely miss the rat. The rat bites you.
* * * LOW HITPOINT WARNING * * *
You hit the rat but do no damage. The rat barely misses you.
You closely miss the rat. The rat bites you.
You die...

#g.........
#.........(
###.....g....
+............
#####'#######
#........%..#
#......####.#
##......# #r#
#.......# #@#
#.......# #.#
§§..##########.#
§§§..#.....÷<)..#
.§.§..#.##########
#####.# #.# #.#


You could see a rat.

Vanquished Creatures
  A gnoll (D:1)
  A worm (D:2)
  A dart slug (D:1)
  A leopard gecko (D:1)
  4 bats
  A giant cockroach (D:1)
  4 goblins
  5 hobgoblins
  A frilled lizard (D:2)
  3 kobolds (D:1)
  5 rats
27 creatures vanquished.

Notes
Turn   | Place    | Note
-------+----------+-------------------------------------------
     0 | D:1      | Amnesiac the Deep Elf Earth Elementalist began the quest for the Orb.
     0 | D:1      | Reached XP level 1. HP: 10/10 MP: 6/6
   135 | D:1      | Reached XP level 2. HP: 15/15 MP: 6/8
   143 | D:1      | Learned a level 2 spell: Passwall
   278 | D:1      | Reached skill level 4 in Earth Magic
   360 | D:1      | Reached XP level 3. HP: 19/19 MP: 6/10
   657 | D:2      | Slain by a rat

Vault maps used:
D:1:      elethiomel_arrival_quiet
D:2:      lemuel_doored_altar, first_ration, lemuel_flame_loot_1

Skill      XL: |  1  2 |
---------------+-------+-----
Earth Magic    | 4 |  4.5
Dodging        | |  2.4
Stealth        | |  2.4
Spellcasting   | |  3.9
Transmutations | |  1.1

Action                   || total
-------------------------++-------
Melee: Unarmed           ||    64
       Dagger            ||     6
 Cast: Sandblast         ||    28
Armor: Robe              ||    16
Dodge: Dodged            ||    57

Table legend:
 A = Spawn XP
 B = Non-spawn XP
 C = Spawn XP percentage of total XP
 D = Spawn monster count
 E = Non-spawn monster count
 F = Spawn count percentage of total count
 G = Total turns spent on level
                    A         B        C        D         E        F      G
               +---------+---------+-------+---------+---------+-------+---------
         Total |       0 |      64 |   0.0 |       0 |      27 |   0.0 |   657
               +---------+---------+-------+---------+---------+-------+---------
           D:1 |       0 |      49 |   0.0 |       0 |      20 |   0.0 |   536
           D:2 |       0 |      15 |   0.0 |       0 |       7 |   0.0 |   121
               +---------+---------+-------+---------+---------+-------+---------
